 Dungeon Crawl Stone Soup version 0.19.5 (webtiles) character file.

125 equalderp2856 the Scratcher (level 4, -5/21 HPs)
             Began as a Felid Fighter on Mar 9, 2017.
             Killed by nerve-wracking pain
             ... invoked by Menkaure
              (14 damage)
             ... on level 4 of the Dungeon.
             The game lasted 00:08:12 (3988 turns).

equalderp2856 the Scratcher (Felid Fighter)         Turns: 3988, Time: 00:08:13

Health: -5/21      AC:  1    Str: 13    XL:     4   Next: 82%
Magic:  5/5        EV: 20    Int:  9    God:
Gold:   55         SH:  0    Dex: 15    Spells: 0 memorised, 3 levels left
                                        Lives:  0   Deaths: 1

rFire  . . .     SeeInvis +       - Unarmed
rCold  . . .     Gourm    .     (armour unavailable)
rNeg   . . .     Faith    .     (shield unavailable)
rPois  .         Spirit   .     (helmet unavailable)
rElec  .         Reflect  .     (cloak unavailable)
rCorr  .         Harm     .     (gloves unavailable)
MR     .....                    (boots unavailable)
Stlth  ++........               (no amulet)
                                (no ring)
                                (no ring)

@: quick
A: no armour, no weapons or thrown items, stealth, claws 1, fangs 3, see
invisible, carnivore 3, speed 1, shaggy fur 1, slow metabolism 1, sharp paws
a: no special abilities


You were on level 4 of the Dungeon.
You were hungry.

You visited 1 branch of the dungeon, and saw 4 of its levels.

You collected 55 gold pieces.

Inventory:

Missiles
 e - 26 arrows
Jewellery
 i - an uncursed ring of protection from magic {unknown}
 q - a cursed ring of loudness {unknown}
Wands
 r - a wand of lightning (9/15)
Scrolls
 d - 2 scrolls of remove curse {unknown}
 f - 3 scrolls of teleportation {unknown}
 h - a scroll of enchant armour {unknown}
 j - a scroll of noise {unknown}
 k - 3 scrolls of enchant weapon {unknown}
 n - 2 scrolls of identify {unknown}
 t - a scroll of magic mapping {unknown}
Potions
 a - a potion of might
 g - a potion of curing
 l - a potion of flight {unknown}
 o - a potion of agility
 p - a potion of cancellation {unknown}
Comestibles
 b - a meat ration
 c - 3 bread rations
 m - a slice of pizza
 s - 2 fruits


   Skills:
 + Level 3.5 Fighting
 + Level 5.1 Dodging
 + Level 1.9 Stealth
 + Level 5.7 Unarmed Combat


You had 3 spell levels left.
You didn't know any spells.

Dungeon Overview and Level Annotations

Branches:
Dungeon (4/15)
 Temple: D:4-7

Altars:
Vehumet
Xom

Annotations:
D:3 Sigmund
D:4 1 runed door, Menkaure


Innate Abilities, Weirdness & Mutations

You cannot wear armour.
You are incapable of wielding weapons or throwing items.
Your paws allow you to move quietly. (Stealth)
You have sharp claws.
You have razor-sharp teeth.
You have supernaturally acute eyesight. (SInv)
You are carnivorous and can eat meat at any time.
You cover ground quickly.
You are covered in fur. (AC +1)
You have a slow metabolism.
Your sharp claws are effective at attacking unaware monsters.


Message History

The ice beast is severely wounded.
The ice beast hits you. The ice beast freezes you!
The ice beast barely misses you.
An ice beast is nearby!
You start resting.
Menkaure shouts!
Menkaure calls on the powers of darkness!
Your body is wracked with pain!
Menkaure closely misses you.
You scratch Menkaure.
Menkaure is lightly damaged.
You claw Menkaure!
Menkaure is heavily damaged.
Menkaure misses you.
You barely miss Menkaure.
Menkaure is heavily damaged.
Menkaure casts a spell at you. Pain shoots through your body!
Ouch! That really hurt!
You die...

# #.# #..##....#...........#
###.# #.####...............##
'...# #Y# ##................#
##### #.# #.................#
# #.###.................#
#######.##...)..............#
........##..................#
####...###.>...............##
##......Y....@M.........#
##...#.................#
#..#..................#
#.#######.............# #.#
####..######### #.# ##..##
♣♣♣♣##.## ##..## .♣......#
########..## ♣.......#
#.......#..#####


You could see an ice beast and Menkaure.

Vanquished Creatures
  Terence (D:2)
  A worker ant (D:4)
  5 adders
  A gnoll (D:3)
  2 oozes
  A worm (D:2)
  3 dart slugs
  2 leopard geckos
  8 orcs
  A giant cockroach (D:1)
  5 goblins
  5 hobgoblins
  5 jackals
  7 bats
  2 frilled lizards (D:1)
  5 kobolds
  8 rats
62 creatures vanquished.

Notes
Turn   | Place    | Note
-------+----------+-------------------------------------------
     0 | D:1      | equalderp2856 the Felid Fighter began the quest for the Orb.
     0 | D:1      | Reached XP level 1. HP: 10/10 MP: 2/2
   298 | D:1      | Reached XP level 2. HP: 14/14 MP: 3/3
   810 | D:1      | Reached XP level 3. HP: 17/17 MP: 4/4
  1550 | D:2      | Reached skill level 1 in Stealth
  1706 | D:2      | Reached XP level 4. HP: 21/21 MP: 5/5
  1835 | D:2      | Noticed Terence
  1857 | D:2      | Killed Terence
  1857 | D:2      | Reached skill level 5 in Unarmed Combat
  2120 | D:3      | Found a radiant altar of Vehumet.
  2139 | D:3      | Slain by an orc
  2140 | D:3      | Reached XP level 3. HP: -1/17 MP: 4/4
  2261 | D:3      | Reached XP level 4. HP: 15/21 MP: 5/5
  2810 | D:4      | Reached skill level 5 in Dodging
  3105 | D:4      | Found a shimmering altar of Xom.
  3152 | D:4      | Noticed Menkaure
  3393 | D:4      | Found a runed door.
  3449 | D:4      | Noticed an ice beast
  3639 | D:3      | Noticed Sigmund
  3988 | D:4      | Killed from afar by Menkaure

Skill      XL: |  1  2  3  4 |
---------------+-------------+-----
Stealth        | 1 |  1.9
Unarmed Combat | 5 |  5.7
Dodging        | 5 |  5.1
Fighting       | |  3.5

Action                   |  1- 3 |  4- 6 || total
-------------------------+-------+-------++-------
Melee: Unarmed           |   114 |   101 ||   215
       Bite              |    11 |    10 ||    21
       Punch             |     1 |     2 ||     3
  Use: Potion            |     2 |       ||     2
 Stab: Distracted        |     1 |       ||     1
       Sleeping          |       |     2 ||     2
  Eat: Chunk             |     9 |     1 ||    10
Armor: Skin              |     4 |     2 ||     6
Dodge: Dodged            |    92 |   104 ||   196
